 Dungeon Crawl Stone Soup version 0.29.1-4-g47bece8355 (webtiles) character file.

Game seed: 13385430423605389563

30947 CungeonDrawl the Warrior (level 13, -7/118 HPs)
             Began as a Djinni Air Elementalist on Dec 8, 2022.
             Was a Believer of Makhleb.
             Mangled by a boulder beetle (20 damage)
             ... on level 15 of the Dungeon.
             The game lasted 01:46:09 (28901 turns).

CungeonDrawl the Warrior (Djinni Air Elementalist) Turns: 28901, Time: 01:46:10

Health: -7/118     AC:  5    Str:  7    XL:     13   Next: 92%
Gold:   255        EV: 12    Int: 22    God:    Makhleb [**....] SH:  9 Dex: 14

rFire   + + .      SeeInvis .   y - staff of air
rCold   + + .      Faith    .   G - +1 buckler {rPois}
rNeg    + . .      Spirit   .   E - +1 robe "Zaibyli" {rPois rC++ rN+}
rPois   ∞          Reflect  +   T - +0 helmet of Foolhardiness {rC+ MP+9}
rElec   +          Harm     .   (no cloak)
rCorr   .          Rampage  .   W - +0 pair of gloves
Will    +....                   (boots unavailable)
Stlth   ++........              g - amulet of reflection
HPRegen 0.29/turn               (no ring)
MPRegen 0.00/turn               (no ring)

@: sluggish, flying, very slow
A: sickness immunity, fire resistance 2, cold vulnerability 1, float, innate
caster, HP casting, extra vitality 1
a: Renounce Religion, Minor Destruction


You were on level 15 of the Dungeon.
You worshipped Makhleb.
Makhleb was pleased with you.
You visited 3 branches of the dungeon, and saw 17 of its levels.
You also visited: Sewer.

You collected 810 gold pieces.
You spent 555 gold pieces at shops.

Inventory:

Hand Weapons
 q - the +8 hand axe of Heojan {drain, Fragile rPois rN++ Int+3}
   (You found it on level 3 of the Dungeon)

   A truly terrible weapon, it drains the life of any living foe it strikes.
   Int:       It affects your intelligence (+3).
   rPois:     It protects you from poison.
   rN:        It greatly protects you from negative energy.
   Fragile:   It will be destroyed if unequipped.
Missiles
 K - 3 curare-tipped darts
Armour
 E - the +1 robe "Zaibyli" (worn) {rPois rC++ rN+}
   (You bought it in a shop on level 5 of the Dungeon)

   rC:        It greatly protects you from cold.
   rPois:     It protects you from poison.
   rN:        It protects you from negative energy.
 G - a +1 buckler of poison resistance (worn)
 T - the +0 helmet of Foolhardiness (worn) {rC+ MP+9}
   (You found it on level 11 of the Dungeon)

   rC:        It protects you from cold.
   MP:        It affects your magic capacity (+9).
 U - a +0 troll leather armour
 W - a +0 pair of gloves (worn)
 Y - a +1 helmet of see invisible
Magical Staves
 b - a staff of conjuration
 j - a staff of cold
 y - a staff of air (weapon)
 O - a staff of poison
Jewellery
 g - an amulet of reflection (around neck)
 X - the ring "Qudotaun" {Ice Slay+4}
   (You found it on level 12 of the Dungeon)

   [ring of ice]

   It enhances your ice magic.
   Slay:      It affects your accuracy & damage with ranged weapons and melee
   (+4).
   rF:        It makes you vulnerable to fire.
   rC:        It protects you from cold.
Wands
 H - a wand of flame (64)
 J - a wand of polymorph (23)
 M - a wand of iceblast (4)
 S - a wand of light (3)
Scrolls
 e - 5 scrolls of identify
 f - 2 scrolls of blinking
 k - 5 scrolls of enchant armour
 l - 3 scrolls of vulnerability
 m - 2 scrolls of silence
 p - a scroll of magic mapping
 s - 2 scrolls of summoning {unknown}
 t - a scroll of butterflies {unknown}
 v - a scroll of fear
 x - a scroll of brand weapon {unknown}
 A - 2 scrolls of noise
 B - 3 scrolls of teleportation
 I - a scroll of immolation {unknown}
 L - 2 scrolls of enchant weapon {unknown}
 N - 2 scrolls of poison {unknown}
Potions
 a - 3 potions of ambrosia {unknown}
 c - 2 potions of cancellation {unknown}
 d - 9 potions of curing
 h - 2 potions of heal wounds
 i - 3 potions of mutation {unknown}
 n - 4 potions of haste
 o - a potion of invisibility
 r - 4 potions of resistance
 u - 3 potions of magic {unknown}
 w - 4 potions of might {unknown}
 z - 2 potions of degeneration {unknown}
 C - 4 potions of lignification
 D - a potion of flight {unknown}
 F - 2 potions of brilliance
 Q - a potion of attraction {unknown}
Miscellaneous
 R - a condenser vane
 V - a phial of floods


   Skills:
 * Level 20.0 Fighting
 - Level 2.1 Dodging
 - Level 1.5 Stealth
 - Level 8.0 Spellcasting


You couldn't memorise any spells.
You knew the following spells:

 Your Spells              Type           Power      Damage    Failure   Level
a - Shock                 Conj/Air       100%       1d9       1%          1
b - Static Discharge      Conj/Air       60%        3-11/arc  1%          2
c - Swiftness             Air            60%        N/A       1%          3
d - Airstrike             Air            30%        2d(5-21)  3%          4
e - Slow                  Hex            100%       N/A       1%          1
f - Ensorcelled Hibernat  Hex/Ice        88%        N/A       1%          2
g - Summon Guardian Gole  Hex/Summ       44%        N/A       1%          3
h - Gell's Gravitas       Tloc           44%        N/A       1%          3
i - Alistair's Intoxicat  Tmut/Pois      29%        N/A       11%         5
j - Lee's Rapid Deconstr  Erth           22%        3d13*     11%         5
Your spell library was empty.

Dungeon Overview and Level Annotations

Branches:
Dungeon (15/15)            Temple (1/1) D:7            Lair (0/5) D:9
    Orc (1/2) D:10         Vaults (0/5) D:13          Sewer (visited)
 Depths: D:15

Altars:
Ashenzari
Cheibriados
Dithmenos
Elyvilon
Fedhas
Gozag
Hepliaklqana
Makhleb
Nemelex Xobeh
Okawaru
Qazlal
Ru
Trog
Uskayaw
Wu Jian
Xom
Yredelemnul
Zin
The Shining One

Shops:
D:2 !   D:3 :   D:4 (*   D:5 [   D:6 *   D:9 *   D:10 (

Annotations:
D:10 2 runed translucent doors
D:14 Frances


Innate Abilities, Weirdness & Mutations

You are immune to sickness and miasma.
You are immune to poison.
Your flesh is very heat resistant. (rF++)
You are vulnerable to cold. (rC-)
You float through the air rather than walking.
You learn spells naturally, not from books.
Your magical power is your life essence.
You have superior vitality. (+4 MHP)


Message History

Casting: Airstrike (mildly dangerous; 3% risk of failure)
Confirm with . or Enter, or press ? or * to list all spells.
Aiming: Lee's Rapid Deconstruction (dangerous; 11% risk of failure)
Press: ? - help, Dir - move target A rock wall.
You miscast Lee's Rapid Deconstruction.
You are very lightly contaminated with residual magic.
Nothing appears to happen.
* * * LOW HITPOINT WARNING * * *
Casting: Lee's Rapid Deconstruction (dangerous; 11% risk of failure)
Confirm with . or Enter, or press ? or * to list all spells.
Aiming: Lee's Rapid Deconstruction (dangerous; 11% risk of failure)
Press: ? - help, Dir - move target A rock wall.
The wall shatters!
The blast of rock fragments hits the boulder beetle but does no damage.
* * * LOW HITPOINT WARNING * * *
You feel sluggish. You block the boulder beetle's attack.
The boulder beetle barely misses you. The boulder beetle closely misses you.
Things that are here:
a +0 whip; a boomerang; a ring of ice You flicker for a moment.
You block the boulder beetle's attack. The boulder beetle closely misses you.
You flicker back into view.
The boulder beetle closely misses you.
The boulder beetle curls into a ball and begins rolling!
The boulder beetle attacks as you move away!
The boulder beetle hits you!!
* * * LOW HITPOINT WARNING * * *
The boulder beetle stops rolling and uncurls.
The boulder beetle leaps!
The boulder beetle curls into a ball and begins rolling!
You start to feel a little faster.
Your magical contamination has completely faded away.
There is an open door here.
The boulder beetle hits you!!
You die...

#.#.########.# #.#.#......#.#
#.#.#.#..#.#.# #.#.#.#..#.#.#
#.#.#.#..#.#'#########
#.#.#.#..............#
#.#..<.).............#
#########'######.............#
...........°°○○B@............#
..........°#####.............#
.!........○# #.............#
$..!.○°....# #.............#
..)........# ###############
...........# ...........#
....$......# ############


You could see a boulder beetle (rolling).

Vanquished Creatures
  Josephine (D:13)
  A fire dragon (D:11)
  2 boulder beetles
  3 hydras
  3 centaur warriors
  7 two-headed ogres
  A tengu warrior (D:13)
  A fire crab (D:12)
  An obsidian statue (D:10)
  Pikel (D:6)
  A wizard (D:13)
  An orc knight (D:15)
  An ugly thing (D:12)
  2 deep elf pyromancers
  2 cyclopes
  A manticore (D:12)
  3 gargoyles
  2 komodo dragons
  An efreet (D:13)
  2 kobold demonologists (D:10)
  3 trolls
  3 tengu conjurers
  A hornet (D:7)
  11 slime creatures
  2 water elementals (D:11)
  4 shadows
  5 wraiths
  3 fire bats (D:12)
  A fire elemental (D:12)
  5 yaks (D:9)
  7 vampire mosquitoes
  2 steam dragons (D:8)
  A warg (D:15)
  A hell hound (D:12)
  5 acid dragons
  6 orc warriors
  5 ice beasts
  5 black bears
  2 ogres
  5 centaurs
  A phantom (D:5)
  5 kobold brigands
  8 bullfrogs
  5 scorpions
  10 wights
  6 howler monkeys
  An orc priest (D:10)
  A hound (D:5)
  5 jellies
  4 iguanas
  15 orc wizards
  A gnoll (D:1)
  13 adders
  A shadow imp (D:8)
  A white imp (D:7)
  4 ufetubi
  3 worms (D:3)
  5 dart slugs
  36 orcs
  4 ball pythons
  6 bats
  14 endoplasms
  14 giant cockroaches
  13 goblins
  6 hobgoblins
  7 jackals
  8 quokkas
  7 frilled lizards
  26 kobolds
  11 rats
355 creatures vanquished.

Vanquished Creatures (others)
  A scorpion (D:4)
  11 fungi (D:9)
  15 plants (D:9)
27 creatures vanquished.

Grand Total: 382 creatures vanquished

Notes
Turn   | Place    | Note
-------+----------+-------------------------------------------
     0 | D:1      | CungeonDrawl the Djinni Air Elementalist began the quest
                  | for the Orb.
     0 | D:1      | CungeonDrawl set off with the following spells memorised:
                  | Shock, Static Discharge, Swiftness, Airstrike.
     0 | D:1      | Reached XP level 1. HP: 15/15 MP: 0/0
   293 | D:1      | Reached XP level 2. HP: 17/21 MP: 0/0
   624 | D:1      | Reached XP level 3. HP: 18/25 MP: 0/0
   624 | D:1      | Learned a level 1 spell: Slow
  1614 | D:2      | Found a faded altar of an unknown god.
  1683 | D:2      | Found Cupaon's Distillery.
  1691 | D:2      | Bought a potion of heal wounds for 65 gold pieces
  1848 | D:2      | Reached XP level 4. HP: 29/31 MP: 0/0
  2316 | D:3      | Reached XP level 5. HP: 16/35 MP: 0/0
  2316 | D:3      | Learned a level 2 spell: Ensorcelled Hibernation
  2778 | D:3      | Found a glowing drain.
  2787 | Sewer    | Entered a sewer
  3179 | Sewer    | Reached XP level 6. HP: 35/40 MP: 0/0
  3227 | Sewer    | Reached skill level 1 in Fighting
  3356 | Sewer    | Reached skill level 2 in Fighting
  3387 | Sewer    | Found a viscous altar of Jiyva.
  3549 | D:3      | Identified the +8 hand axe of Heojan {drain, Fragile rPois
                  | rN++ Int+3}
  3572 | D:3      | Found Itzuteg's Book Shoppe.
  3860 | D:3      | Reached skill level 3 in Fighting
  4669 | D:4      | Reached XP level 7. HP: 48/50 MP: 0/0
  4669 | D:4      | Learned a level 3 spell: Summon Guardian Golem
  4795 | D:4      | Reached skill level 4 in Fighting
  4900 | D:4      | Reached skill level 5 in Fighting
  5394 | D:4      | Found Gaora's Antique Weapon Shop.
  5463 | D:4      | Found Noawex's Overcharged Wands.
  5606 | D:4      | Reached skill level 5 in Spellcasting
  5606 | D:4      | Reached XP level 8. HP: 60/61 MP: 0/0
  6664 | D:5      | Entered Level 5 of the Dungeon
  7560 | D:5      | Found Zetroa's Antique Armour Boutique.
  7568 | D:5      | Bought a heavily jewelled robe for 165 gold pieces
  7568 | D:5      | Identified the +1 robe "Zaibyli" {rPois rC++ rN+} (You
                  | bought it in a shop on level 5 of the Dungeon)
  8813 | D:6      | Reached XP level 9. HP: 40/66 MP: 0/0
  8813 | D:6      | Learned a level 3 spell: Gell's Gravitas
  9178 | D:6      | Found Sujoan's Assorted Antiques.
  9296 | D:6      | Reached skill level 6 in Fighting
  9368 | D:6      | Noticed Pikel
  9371 | D:6      | Killed Pikel
  9372 | D:6      | Reached skill level 7 in Fighting
  9374 | D:6      | Reached skill level 8 in Fighting
 10386 | D:7      | Reached XP level 10. HP: 57/77 MP: 0/0
 10519 | D:7      | Reached skill level 9 in Fighting
 10925 | D:7      | Found a basalt altar of Yredelemnul.
 11459 | D:7      | Reached skill level 10 in Fighting
 11723 | D:7      | Found a staircase to the Ecumenical Temple.
 11729 | Temple   | Entered the Ecumenical Temple
 11789 | Temple   | Became a worshipper of Makhleb the Destroyer
 13583 | D:8      | Reached skill level 11 in Fighting
 13809 | D:2      | Bought a potion of brilliance for 52 gold pieces
 13809 | D:2      | Bought a potion of lignification for 39 gold pieces
 13817 | D:2      | Bought a potion of haste for 130 gold pieces
 14229 | D:9      | Found a shimmering altar of Xom.
 14294 | D:9      | Reached skill level 12 in Fighting
 14640 | D:9      | Found a stormy altar of Qazlal.
 14647 | D:9      | Reached XP level 11. HP: 81/89 MP: 0/0
 14647 | D:9      | Learned a level 5 spell: Alistair's Intoxication
 14683 | D:9      | Noticed a two-headed ogre
 14687 | D:9      | Killed a two-headed ogre
 14757 | D:9      | Reached * piety under Makhleb
 14809 | D:9      | Found Zin's Purification Station.
 14815 | D:9      | Found a glowing silver altar of Zin.
 15123 | D:9      | Found an iron altar of Okawaru.
 15207 | D:9      | Reached skill level 13 in Fighting
 15300 | D:9      | Found a staircase to the Lair.
 15392 | D:9      | Noticed a two-headed ogre
 15411 | D:9      | Killed a two-headed ogre
 15435 | D:9      | Noticed a centaur warrior
 15485 | D:9      | Killed a centaur warrior
 16025 | D:10     | Entered Level 10 of the Dungeon
 16152 | D:10     | Found a runed translucent door.
 16169 | D:10     | Reached skill level 14 in Fighting
 16515 | D:10     | Found a blossoming altar of Fedhas.
 16692 | D:10     | Found a runed translucent door.
 16769 | D:10     | Found a runed translucent door.
 16787 | D:10     | Found a runed translucent door.
 16802 | D:10     | Found Baciwn's Weapon Shop.
 17281 | D:10     | Found a staircase to the Orcish Mines.
 17292 | D:10     | Found a sparkling altar of Nemelex Xobeh.
 17292 | D:10     | Found an opulent altar of Gozag.
 17531 | D:10     | Noticed an obsidian statue
 17536 | D:10     | Killed an obsidian statue
 18051 | D:2      | Bought a potion of invisibility for 104 gold pieces
 18268 | D:11     | Noticed a boulder beetle
 18274 | D:11     | Killed a boulder beetle
 18275 | D:11     | Reached skill level 15 in Fighting
 18275 | D:11     | Reached XP level 12. HP: 44/102 MP: 0/0
 18556 | D:11     | Noticed a two-headed ogre
 18558 | D:11     | Killed a two-headed ogre
 18634 | D:11     | Noticed a fire dragon
 18884 | Orc:1    | Entered Level 1 of the Orcish Mines
 19018 | D:11     | Identified the +0 helmet of Foolhardiness {rC+ MP+9}
 19539 | D:11     | Reached skill level 16 in Fighting
 19828 | D:11     | Noticed a two-headed ogre
 19831 | D:11     | Killed a two-headed ogre
 20049 | D:11     | Killed a fire dragon
 20049 | D:11     | Reached ** piety under Makhleb
 20703 | D:12     | Noticed a seven-headed hydra
 20703 | D:12     | Found a transporter.
 21027 | D:12     | Killed a seven-headed hydra
 21054 | D:12     | Reached skill level 17 in Fighting
 21646 | D:12     | Noticed a two-headed ogre
 21862 | D:12     | Killed a two-headed ogre
 23006 | D:12     | Reached XP level 13. HP: 103/113 MP: 0/0
 23006 | D:12     | Learned a level 5 spell: Lee's Rapid Deconstruction
 23348 | D:12     | Noticed a seven-headed hydra
 23353 | D:12     | Killed a seven-headed hydra
 23354 | D:12     | Reached skill level 18 in Fighting
 23431 | D:12     | Found a transporter.
 24538 | D:12     | Identified the ring "Qudotaun" {Ice Slay+4}
 25315 | D:13     | Found a hide-covered altar of Uskayaw.
 25629 | D:13     | Noticed a centaur warrior
 25634 | D:13     | Noticed Josephine
 25641 | D:13     | Killed a centaur warrior
 25642 | D:13     | Reached skill level 19 in Fighting
 26141 | D:13     | Killed Josephine
 27173 | D:13     | Found a gate to the Vaults.
 27521 | D:14     | Noticed a centaur warrior
 27648 | D:14     | Killed a centaur warrior
 27947 | D:14     | Noticed a five-headed hydra
 28156 | D:14     | Killed a five-headed hydra
 28320 | D:14     | Noticed Frances
 28325 | D:15     | Entered Level 15 of the Dungeon
 28612 | D:15     | Noticed a boulder beetle
 28619 | D:15     | Killed a boulder beetle
 28844 | D:15     | Noticed a boulder beetle
 28877 | D:15     | Reached skill level 20 in Fighting
 28901 | D:15     | Mangled by a boulder beetle

Illustrated notes

Levels and vault maps discovered:
D:1:      dpeg_arrival_rhombus, layout_basic, minmay_tripent
D:2:      layout_loops_cross, serial_shops, nicolae_shop_advertising_works
          [nicolae_subvault_shop_adworks], ebering_ecumenical_altar_ruins
D:3:      minmay_bubble_buster, layout_basic, serial_shops,
          nicolae_shop_crystal, gup_sewer_entry_pipe
D:4:      minmay_clustersquares, layout_loops_ring, serial_shops, shop,
          chequers_serial_rivers_micro_e, nicolae_shop_overcharged_wands
D:5:      layout_layer_cave, serial_shops, nicolae_shop_waterfront
D:6:      layout_loops_ring, serial_shops, nicolae_shop_crystal, uniq_pikel
D:7:      layout_layer_cave, mainiacjoe_overflow_tiny_flanked,
          minmay_temple_entry_fiery
D:8:      layout_loops_ring
D:9:      layout_cave_pods, kennysheep_little_box,
          mainiacjoe_overflow_surrounded_room, okawaru_ov_weapons_minmay,
          zin_purify, grunt_lair_entry_orc_guard_hut,
          hangedman_decor_peaks_small
D:10:     minmay_flawed_box, layout_loops_cross, grunt_temple_overflow_opulence,
          grunt_temple_overflow_growth_and_decay, orc_0_dummy, serial_shops,
          nicolae_shop_bloodbath_and_beyond, minmay_statue_crystal_thing
D:11:     layout_basic, kennysheep_just_a_vault
D:12:     gammafunk_cloud_chamber, layout_layer_cave,
          kennysheep_decorative_pillar, kennysheep_generic_room_15
D:13:     layout_cave_pods, david_vaults_1, eat_drink_and_be_merry_uskayaw,
          uniq_josephine
D:14:     layout_loops_ring, kennysheep_cross_bottleneck, uniq_kirke,
          uniq_frances
D:15:     grunt_enter_depths_snipers, layout_basic, uniq_jorgrun
Temple:   nicolae_temple_god_jail
Orc:1:    layout_caves, uniq_gastronok

Skill      XL: |  1  2  3  4  5  6  7  8  9 10 11 12 13 |
---------------+----------------------------------------+-----
Spellcasting   | 3 4 5 7 8 |  8.0
Fighting       | 3 5 8 12 15 17 20 | 20.0
Dodging        | |  2.1
Stealth        | |  1.5

Action                   |  1- 3 |  4- 6 |  7- 9 | 10-12 | 13-15 || total
-------------------------+-------+-------+-------+-------+-------++-------
 Cast: Shock             |    43 |   130 |   106 |       |       ||   279
       Static Discharge  |     6 |    11 |    26 |     1 |       ||    44
       Summon Guardian G |       |       |    13 |     3 |       ||    16
       Swiftness         |       |       |     2 |     3 |     4 ||     9
       Airstrike         |       |       |    36 |   337 |    82 ||   455
       Lee's Rapid Decon |       |       |       |       |    69 ||    69
  Use: Scroll            |       |       |     7 |     5 |     1 ||    13
       Potion            |       |       |       |     2 |     4 ||     6
Armor: Robe              |       |     1 |     3 |    20 |    15 ||    39
       Skin              |       |       |       |     1 |       ||     1
Dodge: Dodged            |     3 |    11 |    11 |    43 |    45 ||   113
Block: Other             |       |     4 |     7 |    16 |    10 ||    37
       Reflection        |       |     1 |       |     2 |     4 ||     7
       Buckler           |       |       |       |       |     7 ||     7
